 Dungeon Crawl Stone Soup version 0.29.1-4-g47bece8355 (webtiles) character file.

Game seed: 1331445096114192733

2 Descartes the Magician (level 1, -1/10 HPs)
             Began as a Deep Elf Wanderer on Dec 4, 2022.
             Slain by a hobgoblin (4 damage)
             ... on level 1 of the Dungeon.
             The game lasted 00:01:10 (282 turns).

Descartes the Magician (Deep Elf Wanderer)           Turns: 282, Time: 00:01:11

Health: -1/10      AC:  2    Str:  9    XL:     1   Next: 33%
Magic:  7/7        EV: 10    Int: 17    God:
Gold:   11         SH:  4    Dex: 13    Spells: 7/8 levels left

rFire   . . .      SeeInvis .   a - +2 falchion
rCold   . . .      Faith    .   b - +0 buckler
rNeg    . . .      Spirit   .   d - +0 robe
rPois   .          Reflect  .   (no helmet)
rElec   .          Harm     .   (no cloak)
rCorr   .          Rampage  .   (no gloves)
Will    .....                   (no boots)
Stlth   +.........              (no amulet)
HPRegen 0.03/turn               (no ring)
MPRegen 0.10/turn               (no ring)

@: no status effects
A: no striking features
a: no special abilities


You were on level 1 of the Dungeon.
You visited 1 branch of the dungeon, and saw 1 of its levels.

You collected 11 gold pieces.

Inventory:

Hand Weapons
 a - a +2 falchion (weapon)
Armour
 b - a +0 buckler (worn)
 d - a +0 robe (worn)
Scrolls
 c - a scroll of vulnerability
Potions
 e - a potion of curing {unknown}


   Skills:
 + Level 2.7 Long Blades
 - Level 1.5 Armour
 + Level 1.0 Shields
 + Level 4.4 Spellcasting
 + Level 0.1 Conjurations
 + Level 0.1 Translocations
 + Level 1.1 Evocations


You had 7 spell levels left.
You knew the following spells:

 Your Spells              Type           Power      Damage    Failure   Level
a - Apportation           Tloc           8%         N/A       19%         1

Your spell library contained the following spells:

 Spells                   Type           Power      Damage    Failure   Level
 Portal Projectile        Hex/Tloc       8%         N/A       52%         3


Dungeon Overview and Level Annotations

Branches:
Dungeon (1/15)

Altars:


Message History

You kill the hobgoblin!
No target in view!
No target in view!
No target in view!
No target in view!
No target in view!
No target in view!
No target in view!
No target in view!
No target in view!
No target in view! 2 hobgoblins come into view.
Found an escape hatch in the floor.
The hobgoblin shouts!
Found 5 gold pieces.
Found a scroll labelled GEEPRECKUO.
The hobgoblin barely misses you.
The hobgoblin hits you but does no damage.
You completely miss the hobgoblin. The hobgoblin hits you.
The hobgoblin hits you but does no damage.
The hobgoblin closely misses you. The hobgoblin hits you.
You hit the hobgoblin.
The hobgoblin is heavily wounded.
The hobgoblin barely misses you. The hobgoblin hits you.
* * * LOW HITPOINT WARNING * * *
You are too injured to fight recklessly!
You are too injured to fight recklessly!
You are too injured to fight recklessly!
You are too injured to fight recklessly!
You are too injured to fight recklessly!
You are too injured to fight recklessly!
You are too injured to fight recklessly!
You are too injured to fight recklessly!
You are too injured to fight recklessly!
You are too injured to fight recklessly!
You are too injured to fight recklessly!
You are too injured to fight recklessly!
You slash the hobgoblin!
You kill the hobgoblin!
The hobgoblin hits you.
You die...

# ..# # ##.## #.
##...## ###.###
###.....## ##
.......##........#
#.
?................#
#.
......g........#.#
#.
.....!†@......##.##
#.
..$>..............#
#.
.......#...##.##..#
#.
.......##.###..#.)#
#. #####.# #.#
#..#..# #. #.
#.###..#..###### #.
......>........# #.
.####..######... #.
#..........#.


You could see a hobgoblin.

Vanquished Creatures
  A goblin (D:1)
  2 hobgoblins (D:1)
3 creatures vanquished.

Notes
Turn   | Place    | Note
-------+----------+-------------------------------------------
     0 | D:1      | Descartes the Deep Elf Wanderer began the quest for the
                  | Orb.
     0 | D:1      | Descartes set off with the following items: a +2 falchion,
                  | a +0 buckler, a scroll of vulnerability, a +0 robe; and the
                  | following spell memorised: Apportation; and the following
                  | spells available to memorise: Portal Projectile.
     0 | D:1      | Reached XP level 1. HP: 10/10 MP: 7/7
   282 | D:1      | Slain by a hobgoblin

Illustrated notes

Levels and vault maps discovered:
D:1:      psy_arrival_radial01, layout_loops_ring, kennysheep_doodads,
          chequers_serial_rivers_micro_e

Action                   || total
-------------------------++-------
Melee: Falchion          ||     7
 Stab: Sleeping          ||     1
Armor: Robe              ||     2
Dodge: Dodged            ||     4
